 Dungeon Crawl Stone Soup version 0.22-a0-824-g1ca9aab89c (webtiles) character file.

111 Holzbalken the Caller (level 4, -9/24 HPs)
             Began as a Tengu Summoner on July 24, 2018.
             Mangled by dleb1993's ghost (12 damage)
             ... on level 4 of the Dungeon.
             The game lasted 00:09:32 (3784 turns).

Holzbalken the Caller (Tengu Summoner)              Turns: 3784, Time: 00:09:33

Health: -9/24      AC:  3    Str:  8    XL:     4   Next: 92%
Magic:  9/10       EV: 28    Int: 16    God:
Gold:   158        SH:  0    Dex: 15    Spells: 6/10 levels left

rFire    . . .     SeeInvis .   j - +0 dagger
rCold    . . .     Gourm    .   (no shield)
rNeg     . . .     Faith    .   a - +0 robe
rPois    .         Spirit   .   (helmet restricted)
rElec    .         Reflect  .   l - +0 cloak
rCorr    .         Harm     .   (no gloves)
MR       .....                  (boots unavailable)
Stlth    ++........             q - amulet of the acrobat
HPRegen  0.08/turn              (no ring)
MPRegen  0.12/turn              (no ring)

@: no status effects
A: beak, talons 3
a: no special abilities


You were on level 4 of the Dungeon.
You were not hungry.

You visited 1 branch of the dungeon, and saw 4 of its levels.

You collected 158 gold pieces.

Inventory:

Hand Weapons
 j - a +0 dagger (weapon)
Armour
 a - a +0 robe (worn)
 l - a +0 cloak (worn)
Jewellery
 q - an amulet of the acrobat (around neck)
Scrolls
 b - 2 scrolls of teleportation
 d - a scroll of amnesia {unknown}
 e - a scroll of remove curse
 h - 2 scrolls of identify
 k - 2 scrolls of blinking
 m - a scroll of enchant weapon {unknown}
 n - a scroll of random uselessness {unknown}
 p - a scroll of fog {unknown}
Potions
 f - 2 potions of curing
 g - a potion of heal wounds
 i - a potion of invisibility {unknown}
 r - a potion of agility {unknown}
 s - a potion of degeneration {unknown}
Comestibles
 c - 4 rations
 o - 3 chunks of flesh


   Skills:
 - Level 2.1 Dodging
 - Level 2.0 Stealth
 * Level 3.5 Spellcasting
 * Level 6.2 Summonings


You had 6 spell levels left.
You knew the following spells:

 Your Spells              Type           Power        Failure   Level  Hunger
a - Summon Small Mammal   Summ           ###.         1%          1    None
b - Call Canine Familiar  Summ           ###.....     4%          3    ###....

Your spell library contained the following spells:

 Spells                   Type           Power        Failure   Level  Hunger
 Summon Ice Beast         Ice/Summ       ##......     45%         4    ####...
 Call Imp                 Summ           ###.....     1%          2    ##.....
 Summon Lightning Spire   Summ/Air       ##......     45%         4    ####...
 Summon Guardian Golem    Hex/Summ       ##......     16%         3    ###....


Dungeon Overview and Level Annotations

Branches:
Dungeon (4/15)
 Temple: D:4-7

Altars:
Fedhas
Ru

Annotations:
D:4 dleb1993's ghost, amateur GrFi


Innate Abilities, Weirdness & Mutations

You have a beak for a mouth.
You have claws for feet.


Message History

Dleb1993's ghost is lightly damaged.
Your hound bites dleb1993's ghost but does no damage.
Dleb1993's ghost hits you.
Your quokka bites dleb1993's ghost but does no damage.
Your bat barely misses dleb1993's ghost.
You hit dleb1993's ghost but do no damage.
Your kick misses dleb1993's ghost. Your peck misses dleb1993's ghost.
Dleb1993's ghost is lightly damaged.
Your bat hits dleb1993's ghost but does no damage.
Your hound bites dleb1993's ghost.
Your quokka bites dleb1993's ghost but does no damage.
Dleb1993's ghost hits you!
* * * LOW HITPOINT WARNING * * *
Your hound bites dleb1993's ghost but does no damage.
You swap places.
Your quokka barely misses dleb1993's ghost.
Your hound bites dleb1993's ghost but does no damage.
Dleb1993's ghost hits you!
Ouch! That really hurt!
You die...

*,******* #......# #.#<.##
*,,,,,,,* #......####.##.##
*******,* #........##....)÷
*,####........######.#
*,#...................
*,##.##.......#####.#.
*,*#.##.......# #.#. *****
*,*#.#..###...# #.#. ***,,,*
*,*#r@.##⌠##..#* #.#.
,,,,,,******,*#Wb##...##..# #.#.
****,,,,,,,,,*#h##..%.?##.# *,*#
,,,*,***,*****#.'...♣..⌠#.#***,*#
,,,*,* *,*,,,,..##..!..##..,,,,*#
****,* *,*,**##..##...##...,,,,*#
,,,,,* *,*,***##..##⌠##...,,,,,*#
,_,,,***,*,*,,,....###..,,,,,,,#.
,,,,,,,*,*,*,***##%....#*,,,,,,#.


You could see dleb1993's ghost, a friendly hound, a friendly quokka and a
friendly bat.

Vanquished Creatures
  Jessica (D:2)
  2 adders (D:2)
  2 worms (D:3)
  2 orcs (D:3)
  5 bats
  3 giant cockroaches
  3 goblins
  2 hobgoblins
  4 kobolds
  3 frilled lizards
  3 rats
30 creatures vanquished.

Vanquished Creatures (collateral kills)
  4 adders
  An ooze (D:4)
  2 dart slugs
  An orc (D:4)
  A ball python (D:4)
  A bat (D:3)
  2 giant cockroaches
  A goblin (D:3)
  2 hobgoblins
15 creatures vanquished.

Grand Total: 45 creatures vanquished

Notes
Turn   | Place    | Note
-------+----------+-------------------------------------------
     0 | D:1      | Holzbalken the Tengu Summoner began the quest for the Orb.
     0 | D:1      | Reached XP level 1. HP: 10/10 MP: 4/4
   292 | D:1      | Reached skill level 5 in Summonings
   548 | D:1      | Reached XP level 2. HP: 12/15 MP: 6/6
  1594 | D:2      | Reached XP level 3. HP: 19/19 MP: 7/7
  1615 | D:2      | Noticed Jessica
  1624 | D:2      | Killed Jessica
  1955 | D:2      | Reached XP level 4. HP: 11/24 MP: 5/9
  2287 | D:2      | Found a sacrificial altar of Ru.
  2675 | D:3      | Learned a level 3 spell: Call Canine Familiar
  2831 | D:3      | Reached skill level 6 in Summonings
  3094 | D:3      | Found a blossoming altar of Fedhas.
  3644 | D:4      | Found a runed door.
  3644 | D:4      | Noticed dleb1993's ghost (amateur GrFi)
  3784 | D:4      | Mangled by dleb1993's ghost

Vault maps used:
D:1:      roderic_dead_forest
D:2:      nicolae_ru_awakened_eye, uniq_jessica
D:3:      first_ration, fedhas_altar_4
D:4:      dancing_weapons_uskayaw, hellmonk_ghost_happy_afterlife

Skill      XL: |  1  2  3  4 |
---------------+-------------+-----
Summonings     | 5 6 |  6.2
Spellcasting   | 3 |  3.5
Dodging        | |  2.1
Stealth        | |  2.0

Action                   |  1- 3 |  4- 6 || total
-------------------------+-------+-------++-------
Melee: Unarmed           |    25 |       ||    25
       Kick              |    14 |    16 ||    30
       Peck              |     9 |    15 ||    24
       Dagger            |    36 |    68 ||   104
 Cast: Summon Small Mamm |    17 |     3 ||    20
       Call Canine Famil |       |     3 ||     3
  Use: Scroll            |       |     6 ||     6
 Stab: Sleeping          |     2 |     5 ||     7
       Distracted        |     1 |       ||     1
  Eat: Chunk             |     3 |     6 ||     9
Armor: Robe              |    13 |    15 ||    28
Dodge: Dodged            |    33 |    43 ||    76

Table legend:
 A = Spawn XP
 B = Non-spawn XP
 C = Spawn XP percentage of total XP
 D = Spawn monster count
 E = Non-spawn monster count
 F = Spawn count percentage of total count
 G = Total turns spent on level
                    A         B        C        D         E        F      G
               +---------+---------+-------+---------+---------+-------+---------
         Total |       0 |     159 |   0.0 |       0 |      45 |   0.0 |  3784
               +---------+---------+-------+---------+---------+-------+---------
           D:1 |       0 |      20 |   0.0 |       0 |      12 |   0.0 |  1319
           D:2 |       0 |      84 |   0.0 |       0 |      15 |   0.0 |  1299
           D:3 |       0 |      37 |   0.0 |       0 |      13 |   0.0 |   917
           D:4 |       0 |      18 |   0.0 |       0 |       5 |   0.0 |   249
               +---------+---------+-------+---------+---------+-------+---------
